 Dungeon Crawl Stone Soup version 0.30-a0-939-gc8157cb160 (webtiles) character file.

Game seed: 9561169981950486175

261 cforsyth the Trooper (level 6, -1/34 HPs)
             Began as a Vine Stalker Fighter on Mar 26, 2023.
             Killed by nerve-wracking pain
             ... invoked by Grinder
              (9 damage)
             ... while paralysed by Grinder
             ... on level 4 of the Dungeon.
             The game lasted 00:03:07 (2326 turns).

cforsyth the Trooper (Vine Stalker Fighter)         Turns: 2326, Time: 00:03:08

Health: -1/34      AC:  6    Str: 21    XL:     6   Next: 18%
Magic:  0/7        EV:  2    Int:  8    God:
Gold:   199        SH:  0    Dex: 13    Spells: 5/5 levels left

rFire   . . .      SeeInvis .    a - +0 rapier
rCold   . . .      Faith    .    c - +0 buckler
rNeg    . . .      Spirit   +    b - +0 scale mail
rPois   .          Reflect  .    (no helmet)
rElec   .          Rampage  .    (no cloak)
rCorr   .                        (no gloves)
Will    .....                    (no boots) Stlth
                                 r - amulet of magic regeneration
HPRegen 1.05/turn                (no ring)
MPRegen 0.50/turn                (no ring)

@: paralysed, mighty
A: fangs 2, regeneration 1, magic shield, antimagic bite, no potion heal 2
a: no special abilities


You were on level 4 of the Dungeon.
You visited 1 branch of the dungeon, and saw 4 of its levels.

You collected 199 gold pieces.

Inventory:

Hand Weapons
 a - a +0 rapier (weapon)
Armour
 b - a +0 scale mail (worn)
 c - a +0 buckler (worn)
Jewellery
 r - an amulet of magic regeneration (around neck)
Scrolls
 e - 4 scrolls of identify {unknown}
 f - 2 scrolls of teleportation {unknown}
 j - a scroll of noise {unknown}
 k - a scroll of acquirement {unknown}
 l - a scroll of fear {unknown}
 o - a scroll of enchant weapon {unknown}
 p - a scroll of vulnerability {unknown}
 q - a scroll of blinking {unknown}
 t - a scroll of butterflies {unknown}
Potions
 g - 4 potions of curing {unknown}
 h - 2 potions of lignification {unknown}
 i - a potion of magic {unknown}
 m - 2 potions of mutation {unknown}
 n - a potion of cancellation {unknown}
 s - a potion of invisibility {unknown}


   Skills:
 + Level 4.7 Fighting
 + Level 4.2 Short Blades
 - Level 2.4 Armour
 - Level 2.6 Shields


You had 5 spell levels left.
You didn't know any spells.
Your spell library contained the following spells:

 Spells                   Type           Power      Damage    Failure   Level
 Freeze                   Ice            0%         1d3       85%         1
 Frozen Ramparts          Ice            0%         1d1       99%         3
 Hailstorm                Conj/Ice       0%         3d3       99%         3


Dungeon Overview and Level Annotations

Branches:
Dungeon (4/15)
 Temple: D:4-7

Altars:

Annotations:
D:4 Grinder


Innate Abilities, Weirdness & Mutations

You have extremely sharp teeth.
Your natural rate of healing is unusually fast.
When hurt, damage is shared between your health and your magic reserves.
Your bite disrupts and absorbs the magic of your enemies.
Potions cannot restore your health.


Message History

You are too injured to fight recklessly!
You are too injured to fight recklessly!
You are too injured to fight recklessly!
You are too injured to fight recklessly!
You are too injured to fight recklessly!
You are too injured to fight recklessly!
You barely miss Grinder. You bite Grinder.
Grinder's magic leaks into the air.
You drain her magic.
You feel invigorated.
Grinder is moderately wounded.
Grinder hits you.
You writhe in agony.
* * * LOW HITPOINT WARNING * * *
You hit Grinder. Your bite misses Grinder.
Grinder is moderately wounded.
Grinder hits you!
* * * LOW HITPOINT WARNING * * *
You writhe in agony.
* * * LOW HITPOINT WARNING * * *
You hit Grinder.
Grinder is heavily wounded.
Grinder hits you.
You writhe in agony.
* * * LOW HITPOINT WARNING * * *
You feel very mighty all of a sudden. Grinder barely misses you.
You puncture Grinder!
Grinder is severely wounded.
Grinder completely misses you.
You barely miss Grinder. Your bite misses Grinder.
Grinder is severely wounded.
Grinder hits you but does no damage.
You barely miss Grinder. Your bite misses Grinder.
Grinder is severely wounded.
Grinder hits you but does no damage.
You hit Grinder. You bite Grinder.
Grinder's magic leaks into the air.
You drain her magic.
You feel invigorated.
Grinder is severely wounded.
Grinder gestures at you.
You suddenly lose the ability to move!
Grinder gestures at you. Pain shoots through your body!
You die...

#.# #.# #.#
..######.#
.........######.#
..######........#
#.########
#.######.#
#......@5#
##########


You could see Grinder (magic disrupted).

Vanquished Creatures
  Eustachio (D:4)
  3 adders
  A worm (D:2)
  2 dart slugs
  7 endoplasms
  4 giant cockroaches
  9 hobgoblins
  4 jackals (D:2)
  7 kobolds
  6 quokkas
  11 ball pythons
  9 bats
  6 frilled lizards
  5 goblins
  13 rats
88 creatures vanquished.

Notes
Turn   | Place    | Note
-------+----------+-------------------------------------------
     0 | D:1      | cforsyth the Vine Stalker Fighter began the quest for the
                  | Orb.
     0 | D:1      | Reached XP level 1. HP: 11/11 MP: 2/2
   182 | D:1      | Reached XP level 2. HP: 6/16 MP: 0/3
   636 | D:1      | Reached XP level 3. HP: 20/20 MP: 4/4
  1141 | D:2      | Gained mutation: Your natural rate of healing is unusually
                  | fast. [Vine Stalker growth]
  1141 | D:2      | Reached XP level 4. HP: 24/24 MP: 5/5
  2024 | D:3      | Reached XP level 5. HP: 29/29 MP: 6/6
  2159 | D:4      | Noticed Eustachio
  2184 | D:4      | Killed Eustachio
  2185 | D:4      | Reached XP level 6. HP: 21/34 MP: 7/7
  2310 | D:4      | Noticed Grinder
  2325 | D:4      | Paralysed by Grinder for 2 turns
  2326 | D:4      | Killed from afar by Grinder

Illustrated notes

Levels and vault maps discovered:
D:1:      nicolae_arrival_washed_ashore, layout_basic, minmay_rat_gold_closets
D:2:      layout_loops_ring
D:3:      layout_basic
D:4:      layout_loops_ring, hex_large, uniq_grinder, uniq_eustachio

Skill      XL: |  1  2  3  4  5 |
---------------+----------------+-----
Short Blades   | 2 3 4 |  4.2
Fighting       | 3 4 |  4.7
Armour         | |  2.4
Shields        | |  2.6

Action                     |  1- 3 |  4- 6 || total
---------------------------+-------+-------++-------
  Melee: Rapier            |   134 |   158 ||   292
         Bite              |    20 |    35 ||    55
    Use: Potion            |       |     1 ||     1
 Armour: Scale mail        |    59 |    71 ||   130
  Dodge: Dodged            |    84 |    83 ||   167
  Block: Buckler           |    31 |    33 ||    64

Table legend: (Time is in decaauts)
 A = Elapsed time spent in this place.
 B = Non-inter-level travel time spent in this place.
 C = Inter-level travel time spent in this place.
 D = Time resting spent in this place.
 E = Time spent auto-exploring this place.
 F = Levels seen in this place.
 G = Mean time per level.
                   A        B        C        D        E       F      G
               +--------+--------+--------+--------+--------+-----+--------+
         Total |   2356 |   2295 |     61 |      0 |   1750 |   4 |  589.0 |
       Dungeon |   2356 |   2295 |     61 |      0 |   1750 |   4 |  589.0 |
               +--------+--------+--------+--------+--------+-----+--------+

Top non-repeatable levels by time:
     D:1: 921 daAuts
     D:2: 867 daAuts
     D:3: 349 daAuts
     D:4: 218 daAuts
